 Dungeon Crawl Stone Soup version 0.30-a0-557-ge2afbf3030 (webtiles) character file.

Game seed: 2884911395389868743

1685 Newt the Fighter (level 8, 0/72 HPs)
             Began as a Demonspawn Gladiator on Dec 27, 2022.
             Was a Believer of Okawaru.
             Succumbed to an orc wizard's poison
             ... on level 6 of the Dungeon.
             The game lasted 00:06:14 (5933 turns).

Newt the Fighter (Demonspawn Gladiator)             Turns: 5933, Time: 00:06:14

Health: 0/72       AC: 11    Str: 23    XL:     8   Next: 71%
Magic:  8/8        EV: 11    Int: 15    God:    Okawaru [**....]
Gold:   209        SH:  5    Dex: 13    Spells: 7/7 levels left

rFire   . . .      SeeInvis .    h - +7 hand axe "Onemniadiu" {flame, Str+4}
rCold   . . .      Faith    .    t - +0 buckler
rNeg    . . .      Spirit   .    n - +1 ring mail "Kastralur" {Str+4}
rPois   .          Reflect  .    (helmet restricted)
rElec   .          Harm     .    (no cloak)
rCorr   .          Rampage  .    o - +1 pair of gloves
Will    .....                    (no boots)
Stlth   ++                       (no amulet)
HPRegen 0.32/turn                (no ring)
MPRegen 0.11/turn                (no ring)

@: lethally poisoned (0 -> -12), hasted, studying Fighting, very quick
A: antennae 1, hooves 1, powered by pain 1, weakness stinger 2, iridescent
scales 1, clever 1, inability to drink after injury 1, MP-powered wands
a: Renounce Religion, Heroism


You were on level 6 of the Dungeon.
You worshipped Okawaru.
Okawaru was pleased with you.
You visited 2 branches of the dungeon, and saw 7 of its levels.

You collected 209 gold pieces.

Inventory:

Hand Weapons
 a - a +1 rapier
 d - a +1 dire flail of protection
 h - the +7 hand axe "Onemniadiu" (weapon) {flame, Str+4}
   (You took it off an orc on level 5 of the Dungeon)

   It burns those it strikes, dealing additional fire damage.
   Big, fiery blades are also staple armaments of hydra-hunters.
   Str:       It affects your strength (+4).
 i - a +1 short sword of venom
 j - a +3 vampiric dagger
Missiles
 e - 3 javelins (quivered)
 k - 4 poisoned darts
Armour
 b - a +0 leather armour
 c - a +0 helmet
 f - a +0 ring mail of fire resistance
 n - the +1 ring mail "Kastralur" (worn) {Str+4}
   (You took it off an orc on level 5 of the Dungeon)

   Str:       It affects your strength (+4).
 o - a +1 pair of gloves (worn)
 t - a +0 buckler (worn)
Jewellery
 s - an amulet of regeneration
 y - a +6 ring of intelligence
Wands
 v - a wand of flame (22)
Scrolls
 g - a scroll of enchant weapon
 m - a scroll of blinking {unknown}
 p - 2 scrolls of fog
 q - a scroll of vulnerability {unknown}
 r - a scroll of noise {unknown}
 w - 3 scrolls of amnesia {unknown}
 x - a scroll of magic mapping {unknown}


   Skills:
 - Level 10.3 Fighting
 - Level 2.6 Short Blades
 + Level 3.8 Axes
 - Level 1.7 Throwing
 - Level 4.0 Armour
 - Level 2.6 Dodging
 - Level 3.0 Stealth
 - Level 4.0 Shields


You had 7 spell levels left.
You didn't know any spells.
Your spell library contained the following spells:

 Spells                   Type           Power      Damage    Failure   Level
 Shock                    Conj/Air       0%         1d3       47%         1


Dungeon Overview and Level Annotations

Branches:
Dungeon (6/15)             Temple (1/1) D:4

Altars:
Fedhas
Hepliaklqana
Kikubaaqudgha
Makhleb
Nemelex Xobeh
Okawaru
Qazlal
Ru
Sif Muna
Trog
Uskayaw
Vehumet
Yredelemnul


Innate Abilities, Weirdness & Mutations

You have a pair of small antennae on your head.
You have large cloven feet.
You sometimes gain a little power by taking damage.
You have a tail ending in a sharp stinger.
You are partially covered in iridescent scales. (AC +2)
Your mind is acute. (Int +4, Str/Dex -1)
You occasionally lose the ability to drink potions when taking damage.
You expend magic power (3 MP) to strengthen your wands.


Message History

You hear a shout!
You hit the adder. You burn the adder.
You kill the adder!
Okawaru accepts your kill.
You feel sick.
You hear some strange, mumbled words.
A puff of flame appears from out of thin air!
The puff of flame hits you!
You feel sick. Something hits you.
* * * LOW HITPOINT WARNING * * *
You are more poisoned.
A lemure comes into view.
Things that are here:
a +0 halberd; a +0 plate armour You barely miss something.
* * * LOW HITPOINT WARNING * * *
You feel very sick.
You hear some strange, mumbled words.
A puff of flame appears from out of thin air!
The puff of flame misses you.
A magic dart appears from out of thin air!
The magic dart hits something!
Something hits you.
* * * LOW HITPOINT WARNING * * *
You are more poisoned.
It was a potion of haste.
You feel yourself speed up.
* * * LOW HITPOINT WARNING * * *
You feel very sick. Something hits you.
* * * LOW HITPOINT WARNING * * *
It was a potion of mutation.
You feel extremely strange.
Iridescent scales grow over part of your body.
You feel your magical essence link to the dungeon's wands.
You occasionally lose the ability to drink potions when taking damage.
You feel clever.
* * * LOW HITPOINT WARNING * * *
You feel very sick.
As you read the scroll labelled ZURINATOUPS, it crumbles to dust.
The creatures around you are filled with an inner flame!
It was a scroll of immolation.
You die...

#..##.# #. #..... #.
#.##.... # #. #.##... .#
#.###.##..#####.
#..<.........{5{
####.....#...##{# #.
#.............#@# ..
##.....#....#)###.# .
#.....##.........#
...####.######<......#
#......# ###.##..#
#####..# #.# ..##.
+..########<###...#
#####................##
##.....#####...###.#.#.#


You could see a lemure (inner flame).

Vanquished Creatures
  Sigmund (D:5)
  The ghost of Newt the Skirmisher, an amateur KoHu (D:5)
  Eustachio (D:6)
  Edmund (D:5)
  An acid dragon (D:5)
  An orc warrior (D:6)
  2 lemures (D:6)
  2 phantoms (D:5)
  Blork the orc (D:5)
  A gnoll sergeant (D:5)
  A scorpion (D:5)
  2 necrophages
  A howler monkey (D:5)
  2 jellies
  2 orc priests (D:5)
  An iguana (D:4)
  Jessica (D:2)
  8 gnolls
  4 adders
  A shadow imp (D:6)
  An ufetubus (D:4)
  A dart slug (D:2)
  10 orcs
  A bat (D:2)
  5 endoplasms
  2 giant cockroaches (D:2)
  5 hobgoblins
  7 jackals
  A quokka (D:4)
  10 ball pythons
  8 frilled lizards
  4 goblins
  9 kobolds
  8 rats
107 creatures vanquished.

Vanquished Creatures (others)
  6 plants (D:1)
6 creatures vanquished.

Grand Total: 113 creatures vanquished

Notes
Turn   | Place    | Note
-------+----------+-------------------------------------------
     0 | D:1      | Newt the Demonspawn Gladiator began the quest for the Orb.
     0 | D:1      | Reached XP level 1. HP: 16/16 MP: 1/1
    83 | D:1      | Reached skill level 1 in Stealth
    92 | D:1      | Discovered your monstrous ancestry.
    92 | D:1      | Gained mutation: You have a small tail. [demonic ancestry]
    92 | D:1      | Reached XP level 2. HP: 12/22 MP: 2/2
   521 | D:1      | Found a faded altar of an unknown god.
   568 | D:1      | Got Plato's Handbook of Weather
   706 | D:1      | Reached XP level 3. HP: 26/27 MP: 3/3
  1118 | D:2      | Identified a scroll of acquirement
  1118 | D:2      | Acquired a manual of Fighting
  1248 | D:2      | Reached skill level 3 in Fighting
  1262 | D:2      | Noticed Jessica
  1273 | D:2      | Killed Jessica
  1274 | D:2      | Reached skill level 4 in Fighting
  1274 | D:2      | Gained mutation: You have a pair of small antennae on your
                  | head. [demonic ancestry]
  1274 | D:2      | Reached XP level 4. HP: 18/37 MP: 4/4
  2194 | D:3      | You fall into a shaft and drop 1 floor!
  2209 | D:4      | Noticed a necrophage
  2227 | D:4      | Killed a necrophage
  2228 | D:4      | Reached skill level 5 in Fighting
  2228 | D:4      | Reached XP level 5. HP: 42/46 MP: 5/5
  2232 | D:4      | Found a staircase to the Ecumenical Temple.
  2243 | D:4      | Reached skill level 6 in Fighting
  2249 | Temple   | Entered the Ecumenical Temple
  2297 | Temple   | Became a worshipper of Warmaster Okawaru
  2925 | D:4      | Found a sparkling altar of Nemelex Xobeh.
  3004 | D:5      | Entered Level 5 of the Dungeon
  3016 | D:5      | Noticed a phantom
  3031 | D:5      | Killed a phantom
  3032 | D:5      | Reached skill level 7 in Fighting
  3032 | D:5      | Gained mutation: You sometimes gain a little power by
                  | taking damage. [demonic ancestry]
  3032 | D:5      | Reached XP level 6. HP: 33/56 MP: 6/6
  3045 | D:5      | Reached skill level 8 in Fighting
  3045 | D:5      | Reached skill level 1 in Armour
  3291 | D:5      | Noticed an acid dragon
  3801 | D:5      | Reached * piety under Okawaru
  3813 | D:5      | Gained mutation: You have large cloven feet. [demonic
                  | ancestry]
  3813 | D:5      | Reached XP level 7. HP: 30/62 MP: 7/7
  4006 | D:5      | Found a sacrificial altar of Ru.
  4006 | D:5      | Found a blossoming altar of Fedhas.
  4214 | D:5      | Reached skill level 1 in Shields
  4277 | D:5      | Noticed Edmund
  4306 | D:5      | Killed Edmund
  4578 | D:5      | Found an ancient bone altar of Kikubaaqudgha.
  4658 | D:5      | Reached ** piety under Okawaru
  4923 | D:5      | Noticed Sigmund
  4923 | D:5      | Noticed Blork the orc
  4942 | D:5      | Killed Blork the orc
  4950 | D:5      | Killed Sigmund
  4951 | D:5      | Reached skill level 9 in Fighting
  4951 | D:5      | Gained mutation: You have a tail ending in a sharp stinger.
                  | [demonic ancestry]
  4951 | D:5      | Reached XP level 8. HP: 28/71 MP: 8/8
  5173 | D:5      | Found a runed translucent gate.
  5173 | D:5      | Noticed Newt's ghost (amateur KoHu)
  5174 | D:5      | Found a runed translucent gate.
  5174 | D:5      | Identified the +7 hand axe "Onemniadiu" {flame, Str+4}
  5174 | D:5      | Identified the +1 ring mail "Kastralur" {Str+4}
  5175 | D:5      | Found a runed translucent gate.
  5287 | D:5      | Killed Newt's ghost
  5288 | D:5      | Reached skill level 10 in Fighting
  5655 | D:5      | Reached skill level 1 in Axes
  5820 | D:6      | Noticed Eustachio
  5831 | D:6      | Killed Eustachio
  5932 | D:6      | Gained mutation: You are partially covered in iridescent
                  | scales. (AC +2) [potion of mutation]
  5932 | D:6      | Gained mutation: You expend magic power (3 MP) to
                  | strengthen your wands. [potion of mutation]
  5932 | D:6      | Gained mutation: You occasionally lose the ability to drink
                  | potions when taking damage. [potion of mutation]
  5932 | D:6      | Gained mutation: Your mind is acute. (Int +4, Str/Dex -1)
                  | [potion of mutation]
  5932 | D:6      | HP: 1/72 [poisoned by an orc wizard]
  5933 | D:6      | Succumbed to an orc wizard's poison

Illustrated notes

Levels and vault maps discovered:
D:1:      dpeg_arrival_windows_large_door, layout_basic,
          shapermc_ecumenical_altar_rom_forum, serial_forest,
          infiniplex_forest_end_double, infiniplex_forest_split,
          infiniplex_forest_clump_curved, infiniplex_forest_end_3,
          infiniplex_forest_pool, infiniplex_forest_lined_ring,
          lexackson_kobold_supper
D:2:      layout_basic, uniq_jessica
D:3:      layout_loops_corners, minmay_goblin_kobold_house
D:4:      layout_loops_ring, nemelex_spade_bored_becter,
          minmay_temple_entry_statues_fountains
D:5:      layout_basic, kiku_gazebo_pond_becter,
          gammafunk_temple_overflow_pools, biasface_ghost_orc_armoury,
          uniq_edmund, uniq_sigmund, uniq_blork_the_orc
D:6:      layout_loops_ring, mainiacjoe_overflow_surrounded_room, uniq_duvessa,
          uniq_pikel, uniq_eustachio
Temple:   hellmonk_temple_of_storms

Skill      XL: |  1  2  3  4  5  6  7  8 |
---------------+-------------------------+-----
Stealth        | 1 2 3 |  3.0
Fighting       | 4 5 7 8 9 10 | 10.3
Armour         | 3 4 |  4.0
Shields        | 4 |  4.0
Axes           | 3 |  3.8
Short Blades   | |  2.6
Throwing       | |  1.7
Dodging        | |  2.6

Action                   |  1- 3 |  4- 6 |  7- 9 || total
-------------------------+-------+-------+-------++-------
Melee: Rapier            |   132 |       |       ||   132
       Tailslap          |     6 |    21 |    28 ||    55
       Punch             |     2 |     6 |       ||     8
       Dagger            |       |   169 |    78 ||   247
       Kick              |       |       |    47 ||    47
       Hand axe          |       |       |    45 ||    45
       Short sword       |       |       |    29 ||    29
Throw: Throwing net      |       |     3 |     2 ||     5
       Dart              |       |       |     4 ||     4
       Javelin           |       |       |     2 ||     2
  Use: Scroll            |     5 |     1 |     3 ||     9
       Potion            |       |       |     7 ||     7
 Stab: Sleeping          |     5 |     1 |       ||     6
       Held in net/web   |       |     3 |       ||     3
Armor: Ring mail         |    58 |    43 |    27 ||   128
       Skin              |     1 |       |       ||     1
Dodge: Dodged            |    96 |    98 |    68 ||   262
Block: Buckler           |       |       |    19 ||    19

Table legend: (Time is in decaauts)
 A = Elapsed time spent in this place.
 B = Non-inter-level travel time spent in this place.
 C = Inter-level travel time spent in this place.
 D = Time resting spent in this place.
 E = Time spent auto-exploring this place.
 F = Levels seen in this place.
 G = Mean time per level.
                   A        B        C        D        E       F      G
               +--------+--------+--------+--------+--------+-----+--------+
         Total |   5924 |   5778 |    146 |   1426 |   3392 |   7 |  846.3 |
       Dungeon |   5864 |   5743 |    121 |   1426 |   3368 |   6 |  977.3 |
        Temple |     59 |     34 |     25 |      0 |     24 |   1 |   59.0 |
               +--------+--------+--------+--------+--------+-----+--------+

Top non-repeatable levels by time:
     D:5: 2206 daAuts
     D:4: 1307 daAuts
     D:2: 1060 daAuts
     D:1: 1053 daAuts
     D:6: 151 daAuts
     D:3: 85 daAuts
  Temple: 59 daAuts
